 Dungeon Crawl Stone Soup version 0.24-a0-307-gf989941 (webtiles) character file.

Game seed: 6633435806485164614

1067 galech the Chopper (level 8, 0/61 HPs)
             Began as a Demonspawn Fighter on May 13, 2019.
             Slain by an orc
             ... wielding a +4 short sword
              (6 damage)
             ... on level 5 of the Dungeon.
             The game lasted 00:05:14 (4397 turns).

galech the Chopper (Demonspawn Fighter)             Turns: 4397, Time: 00:05:14

Health: 0/61       AC: 15    Str: 18    XL:     8   Next: 7%
Magic:  8/8        EV:  9    Int:  9    God:
Gold:   227        SH:  9    Dex: 14    Spells: 7/7 levels left

rFire    + + .     SeeInvis .   a - +0 war axe
rCold    . . .     Gourm    .   c - +0 shield
rNeg     . . .     Faith    .   q - +2 ring mail {MR+}
rPois    .         Spirit   .   j - +0 helmet
rElec    .         Reflect  .   (no cloak)
rCorr    .         Harm     .   v - +2 pair of gloves
MR       +....                  g - +2 pair of boots
Stlth    +.........             (no amulet)
HPRegen  0.20/turn              i - ring of protection from fire
MPRegen  0.11/turn              (no ring)

@: no status effects
A: talons 2, fire resistance 1
a: no special abilities


You were on level 5 of the Dungeon.
You were not hungry.

You visited 1 branch of the dungeon, and saw 5 of its levels.

You collected 227 gold pieces.

Inventory:

Hand Weapons
 a - a +0 war axe (weapon)
Armour
 c - a +0 shield (worn)
 g - a +2 pair of boots (worn)
 j - a +0 helmet (worn)
 q - a +2 ring mail of magic resistance (worn)
 v - a +2 pair of gloves (worn)
Jewellery
 i - a ring of protection from fire (left hand)
Scrolls
 d - a scroll of remove curse {unknown}
 e - 4 scrolls of amnesia {unknown}
 h - 5 scrolls of fear {unknown}
 k - a scroll of blinking {unknown}
 m - a scroll of enchant weapon {unknown}
 r - 2 scrolls of identify {unknown}
 t - 3 scrolls of teleportation {unknown}
 u - a scroll of immolation {unknown}
Potions
 b - a potion of heal wounds {unknown}
 l - 2 potions of lignification {unknown}
 n - 4 potions of flight {unknown}
 o - a potion of invisibility {unknown}
 p - 2 potions of curing {unknown}
Comestibles
 f - 8 rations


   Skills:
 + Level 4.4 Fighting
 + Level 5.9 Axes
 + Level 4.2 Armour
 + Level 2.4 Dodging
 + Level 0.7 Stealth
 + Level 4.4 Shields


You had 7 spell levels left.
You didn't know any spells.
Your spell library was empty.

Dungeon Overview and Level Annotations

Branches:
Dungeon (5/15)
 Temple: D:4-7

Altars:
Kikubaaqudgha
Trog
The Shining One


Innate Abilities, Weirdness & Mutations

You have razor-sharp toenails.
Your flesh is heat resistant. (rF+)


Message History

* * * LOW HITPOINT WARNING * * *
You slash the orc!
You kill the orc!
You hit the orc priest but do no damage.
The orc priest hits you with a +1 mace of protection.
* * * LOW HITPOINT WARNING * * *
You closely miss the orc priest.
The orc priest looks encouraged for a moment.
You slash the orc priest!
The orc priest is severely wounded.
The orc priest casts a cantrip, but nothing happens.
The orc priest hits you but does no damage.
You hit the orc priest.
The orc priest is almost dead.
The orc priest hits you but does no damage.
You hit the orc priest.
You kill the orc priest!
You closely miss the orc. The orc hits you but does no damage.
The orc hits you with a +4 short sword.
You die...

#.......# #.......#
##......#
..#####...#.#
.........##.#
.#####..# .# # #..#
..
#####.#####..#####
......o@...........
#####.#############
#


You could see an orc.

Vanquished Creatures
  A hippogriff (D:5)
  An orc warrior (D:5)
  An ogre (D:4)
  A centaur (D:4)
  A scorpion (D:4)
  A howler monkey (D:4)
  2 crimson imps
  3 orc priests
  A hound (D:3)
  An orc wizard (D:4)
  An iguana (D:4)
  2 worker ants (D:4)
  A hound skeleton (D:4)
  10 adders
  4 gnolls (D:3)
  A shadow imp (D:4)
  An ooze (D:2)
  2 worms
  A dart slug (D:1)
  A leopard gecko (D:3)
  10 orcs
  3 ball pythons
  3 giant cockroaches
  7 goblins
  8 hobgoblins
  13 jackals
  9 kobolds
  A quokka (D:3)
  5 bats
  8 frilled lizards
  23 rats
127 creatures vanquished.

Notes
Turn   | Place    | Note
-------+----------+-------------------------------------------
     0 | D:1      | galech the Demonspawn Fighter began the quest for the Orb.
     0 | D:1      | Reached XP level 1. HP: 18/18 MP: 1/1
   199 | D:1      | Reached skill level 2 in Axes
   199 | D:1      | Gained mutation: You have sharp toenails. [demonic
                  | ancestry]
   199 | D:1      | Reached XP level 2. HP: 21/24 MP: 2/2
   772 | D:1      | Reached XP level 3. HP: 24/29 MP: 3/3
   920 | D:2      | Found a bloodstained altar of Trog.
  1149 | D:2      | Gained mutation: Your flesh is heat resistant. (rF+)
                  | [demonic ancestry]
  1149 | D:2      | Reached XP level 4. HP: 35/35 MP: 4/4
  1241 | D:2      | Reached skill level 3 in Axes
  1288 | D:2      | Found a bloodstained altar of Trog.
  1432 | D:2      | Found a glowing golden altar of the Shining One.
  1662 | D:3      | Reached XP level 5. HP: 41/41 MP: 5/5
  2686 | D:3      | Reached skill level 1 in Dodging
  2903 | D:4      | Reached XP level 6. HP: 42/48 MP: 6/6
  2993 | D:4      | Reached skill level 4 in Axes
  3620 | D:4      | Reached XP level 7. HP: 54/54 MP: 7/7
  3882 | D:4      | Reached skill level 5 in Axes
  4077 | D:4      | Found an ancient bone altar of Kikubaaqudgha.
  4102 | D:5      | Entered Level 5 of the Dungeon
  4113 | D:5      | Noticed a hippogriff
  4124 | D:5      | Killed a hippogriff
  4386 | D:5      | Gained mutation: You have razor-sharp toenails. [demonic
                  | ancestry]
  4386 | D:5      | Reached XP level 8. HP: 22/61 MP: 8/8
  4397 | D:5      | Slain by an orc

Levels and vault maps discovered:
D:1:      psy_arrival_dodecagon, layout_loops_corners
D:2:      layout_basic, tso_metal_star, bloody_trog, trog_hazing_becter
D:3:      layout_loops_ring, minmay_rat_hole
D:4:      layout_cave_pools, kiku_gazebo_pond_becter
D:5:      layout_loops_ring, first_ration

Skill      XL: |  1  2  3  4  5  6  7 |
---------------+----------------------+-----
Axes           | 2 3 4 5 |  5.9
Armour         | 3 4 |  4.2
Shields        | 3 4 |  4.4
Dodging        | 1 2 |  2.4
Fighting       | 4 |  4.4
Stealth        | |  0.7

Action                   |  1- 3 |  4- 6 |  7- 9 || total
-------------------------+-------+-------+-------++-------
Melee: War axe           |   106 |   220 |    80 ||   406
       Kick              |    14 |    50 |       ||    64
  Use: Potion            |       |       |     1 ||     1
  Eat: Chunk             |     1 |     7 |     4 ||    12
Armor: Scale mail        |    57 |    53 |       ||   110
       Ring mail         |       |    52 |    47 ||    99
Dodge: Dodged            |    48 |    82 |    37 ||   167
Block: Shield            |    59 |   133 |    42 ||   234

Table legend:
 A = Non-vault XP
 B = Vault XP
 C = Vault XP percentage of total XP
 D = Non-vault monster count
 E = Vault monster count
 F = Vault count percentage of total count
                 A         B        C        D         E       F
            +---------+---------+-------+---------+---------+-------
      Total |    1495 |      30 |   2.0 |     102 |      25 |  19.7
            +---------+---------+-------+---------+---------+-------
        D:1 |      54 |       0 |   0.0 |      32 |       0 |   0.0
        D:2 |     101 |      10 |   9.0 |      12 |       6 |  33.3
        D:3 |     177 |      20 |  10.2 |      28 |      19 |  40.4
        D:4 |     680 |       0 |   0.0 |      23 |       0 |   0.0
        D:5 |     483 |       0 |   0.0 |       7 |       0 |   0.0
            +---------+---------+-------+---------+---------+-------
